Description

fweef

Build Order

Get SALT Encoding   

  1  0:02  Probe  
  1  0:13  Probe  
  1  0:22  Pylon  
  1  0:40  Warp Gate  Scout
  1  0:55  Assimilator  
  1  1:10  Probe (Chrono Boost)  
  1  1:25  Probe  
  1  1:27  Nexus  
  1  1:38  Cybernetics Core  
  1  1:44  Assimilator  
  1  1:53  Pylon  
  1  2:14  Adept (Chrono Boost)  
  1  2:36  Twilight Council  
  1  2:39  Stalker  
  1  3:15  Robotics Bay  
  1  3:10  Adept (Chrono Boost)  
  1  3:29  Dark Shrine  
  1  3:30  Warp Gate  
  1  3:48  Warp Gate x2  
  1  4:04  Warp Prism  
  1  4:11  Assimilator x2 (Chrono Boost)  Secound WP
  1  4:55  Dark Templar x4  
  1  5:15  Charge  
  1  5:35  Archon x2  
  1  5:38  Warp Gate x4  Double Attack with WP
  1  6:10  Nexus  Spam Halo
  1  6:42  Forge  Zelator pushes
  1  6:58  Dark Templar x2  
  1  7:05  Immortal x2  
  1  7:10  Robotics Facility  
  1  8:19  Templar Archives  Assimiulator 2
  1  8:28  Immortal x2  Build cannons
  1  9:11  Psionic Storm  
  1  9:17  High Templar x5  
  1  9:29  Nexus  
  1  10:07  Immortal x2 (Chrono Boost)  
  1  11:40  High Templar x8  PUSH WITH WP + Flank with outher
Spawning Tool Build Advisor. Get it on Overwolf

Go to:

Details

  • Created by: bazookaX
  • Published on: May 21, 2019
  • Modified on: May 21, 2019
  • Patch: 4.7.1
Show
View Real Time Build Order
Export as new Build Order

Comments (0)

There are no comments. Be the first!

Create an account to comment!